 Seeded DCSS version 0.31-a0-331-geda263fcf1 (webtiles) character file.

Game seed: 16987456011248572002 (custom seed)

20722 bmack86 the Severer (level 12, -12/116 HPs)
             Began as a Minotaur Fighter on July 19, 2023.
             Was a High Priest of Okawaru.
             Mangled by a skeletal warrior
             ... wielding a +0 short sword
              (13 damage)
             ... on level 12 of the Dungeon on July 20, 2023.
             The game lasted 00:27:32 (11096 turns).

bmack86 the Severer (Minotaur Fighter)             Turns: 11096, Time: 00:27:32

Health: -12/116    AC: 24    Str: 31    XL:     12   Next: 47%
Magic:  14/16      EV:  9    Int: 10    God:    Okawaru [*****.]
Gold:   1170       SH: 29    Dex: 13    Spells: 11/11 levels left

rFire   . . .        E - +11 broad axe of Luakhlunio {flame, *Rage rN++ Will- rCorr Int+3}
rCold   . . .        v - +7 tower shield of the Valley of Death {rCorr Str+3 Int+2}
rNeg    + + .        k - +0 plate armour
rPois   +            C - +0 hat of Asceticism {Str+2}
rElec   .            p - +2 cloak
rCorr   +            u - +0 pair of gloves
SInv    .            r - +1 pair of boots of the Arcane {rPois Will+ Regen+ Stlth+}
Will    .....        m - amulet "Hiphebox" {Reflect Dex+3 SH+5} Stlth
                     (no ring)
HPRegen 1.19/turn    (no ring)
MPRegen 0.15/turn

%: random rage (20%), reflection
@: heroic, flayed, on berserk cooldown, slowed, studying Fighting, very slow
A: horns 2, retaliatory headbutt
a: Renounce Religion, Heroism, Finesse, Duel


You were on level 12 of the Dungeon.
You worshipped Okawaru.
Okawaru was extremely pleased with you.
You visited 2 branches of the dungeon, and saw 15 of its levels.
You also visited: Bailey and Gauntlet.

You collected 1170 gold pieces.

Inventory:

Hand Weapons
 a - a +1 war axe of draining
 E - the +11 broad axe of Luakhlunio (weapon) {flame, *Rage rN++ Will- rCorr Int+3}
   (Okawaru gifted it to you on level 13 of the Dungeon)

   Int:       It affects your intelligence (+3).
   rN:        It greatly protects you from negative energy.
   *Rage:     It berserks you when you make melee attacks (+20% chance).
   rCorr:     It protects you from acid and corrosion.
   Will:      It decreases your willpower.
 H - a +0 broad axe of flaming
 I - a +0 antimagic war axe
Missiles
 g - 20 boomerangs (quivered)
 L - 8 javelins
Armour
 b - a +0 scale mail
 c - a +0 buckler
 j - a +1 pair of boots
 k - a +0 plate armour (worn)
 p - a +2 cloak (worn)
 r - the +1 pair of boots of the Arcane (worn) {rPois Will+ Regen+ Stlth+}
   (You acquired it on level 7 of the Dungeon)

   rPois:     It protects you from poison.
   Regen:     It increases your rate of health regeneration.
   Will:      It increases your willpower.
   Stlth:     It makes you more stealthy.
 u - a +0 pair of gloves (worn)
 v - the +7 tower shield of the Valley of Death (worn) {rCorr Str+3 Int+2}
   (You acquired it on level 11 of the Dungeon)

   Str:       It affects your strength (+3).
   Int:       It affects your intelligence (+2).
   rCorr:     It protects you from acid and corrosion.
 C - the +0 hat of Asceticism (worn) {Str+2}
   (You found it in a Gauntlet)

   Str:       It affects your strength (+2).
 G - a +0 hat
Jewellery
 m - the amulet "Hiphebox" (around neck) {Reflect Dex+3 SH+5}
   (You found it on level 2 of the Dungeon)

   [amulet of reflection]

   It reflects blocked missile attacks.
   Dex:       It affects your dexterity (+3).
   SH:        It affects your SH (+5).
 J - a ring of flight
Wands
 t - a wand of paralysis (3)
 y - a wand of flame (42)
 M - a wand of iceblast (8)
 N - a wand of digging (2)
 O - a wand of mindburst (7)
Scrolls
 e - 2 scrolls of fear
 l - 2 scrolls of vulnerability
 o - 6 scrolls of teleportation
 s - 2 scrolls of fog
 F - 2 scrolls of noise
 K - a scroll of revelation
Potions
 d - 4 potions of might
 f - 3 potions of lignification
 h - 4 potions of brilliance
 i - 7 potions of magic
 n - 9 potions of curing
 q - 4 potions of haste
 w - 4 potions of mutation
 x - 5 potions of heal wounds
 z - 2 potions of invisibility {unknown}
 A - 4 potions of resistance
 B - a potion of attraction {unknown}
 D - a potion of enlightenment {unknown}


   Skills:
 + Level 13.7(18.7) Fighting
 - Level 18.0(23.0) Axes
 + Level 9.7(14.7) Armour
 + Level 7.2(12.2) Shields
 + Level 7.8 Invocations


You had 11 spell levels left.
You didn't know any spells.
Your spell library contained the following spells:

 Spells                   Type           Power      Damage    Failure   Level
 Magic Dart               Conj           0%         1d3       99%         1
 Sting                    Tmut/Pois      0%         1d3       99%         1
 Ensorcelled Hibernation  Hex/Ice        0%         N/A       100%        2
 Poisonous Vapours        Pois/Air       0%         N/A       100%        2
 Hailstorm                Conj/Ice       0%         3d3       100%        3
 Inner Flame              Hex/Fire       0%         N/A       100%        3
 Mephitic Cloud           Conj/Pois/Air  0%         N/A       100%        3
 Anguish                  Hex/Necr       0%         N/A       100%        4
 Flame Wave               Conj/Fire      0%         2d4       100%        4
 Olgreb's Toxic Radiance  Pois           0%         N/A       100%        4
 Sticky Flame             Conj/Fire      0%         2d3       100%        4
 Lee's Rapid Deconstruct  Erth           0%         3d4*      100%        5
 Call Imp                 Summ           Unusable   N/A       N/A         2
 Animate Armour           Summ/Erth      Unusable   N/A       N/A         4
 Animate Dead             Necr           Unusable   N/A       N/A         4
 Summon Ice Beast         Ice/Summ       Unusable   N/A       N/A         4
 Summon Lightning Spire   Summ/Air       Unusable   N/A       N/A         4
 Simulacrum               Ice/Necr       Unusable   N/A       N/A         6
 Haunt                    Necr/Summ      Unusable   N/A       N/A         7
 Infestation              Necr           Unusable   N/A       N/A         8

Dungeon Overview and Level Annotations

Branches:
Dungeon (14/15)            Temple (1/1) D:6            Lair (0/5) D:9
 Bailey (visited)         Gauntlet (visited)
    Orc: D:9-12      Vaults: D:13-14

Altars:
Ashenzari
Cheibriados
Dithmenos
Elyvilon
Fedhas
Gozag
Hepliaklqana
Kikubaaqudgha
Makhleb
Nemelex Xobeh
Okawaru
Qazlal
Ru
Sif Muna
Trog
Uskayaw
Vehumet
Wu Jian
Xom
Yredelemnul
Zin
The Shining One

Shops:
D:3 !   D:9 :   D:10 (=

Annotations:
D:6 1 runed translucent door, arthad's ghost, novice GrEE


Innate Abilities, Weirdness & Mutations

You have a pair of horns on your head.
You reflexively headbutt those who attack you in melee.


Message History

Terrible wounds spread across more of your body!
* * * LOW HITPOINT WARNING * * *
The skeletal warrior hits you but does no damage.
The two-headed ogre hits you but does no damage.
The two-headed ogre hits you with a +0 giant club.
* * * LOW HITPOINT WARNING * * *
You slice the two-headed ogre!! You burn the two-headed ogre.
Your headbutt misses the two-headed ogre.
The two-headed ogre is severely wounded.
You barely miss the skeletal warrior. You slice the tengu warrior!!
You burn the tengu warrior!
You kill the tengu warrior!
Okawaru is honoured by your kill.
The flayed ghost cries, "Suffer as I suffered!"
Terrible wounds spread across more of your body!
* * * LOW HITPOINT WARNING * * *
You block the skeletal warrior's attack.
You barely miss the two-headed ogre.
The two-headed ogre is severely wounded.
You slice one of the six-headed hydra's heads off!
The flame cauterises the wound!
You slash the five-headed hydra! You burn the five-headed hydra.
You barely miss the skeletal warrior. You block the two-headed ogre's attack.
The two-headed ogre hits you with a +0 giant club.
* * * LOW HITPOINT WARNING * * *
The flayed ghost stares at you with tortured malice.
Terrible wounds spread across more of your body!
* * * LOW HITPOINT WARNING * * *
You block the skeletal warrior's attack.
A wraith comes into view.
The orc priest looks satisfied for a moment.
The five-headed hydra bites you!
* * * LOW HITPOINT WARNING * * *
You block the five-headed hydra's attack.
The five-headed hydra closely misses you.
You block the five-headed hydra's attack.
The five-headed hydra closely misses you.
An orc comes into view. It is wielding a +0 hand axe.
The skeletal warrior hits you with a +0 short sword!
You die...

... #)#...
##?.## #.#.##
#.. #.## #.#
####.###
#......
#....##
#.....#
#....@#
#.#.DOz#
#.###o{.#
#...##..Wo.
#....##.o.o.
#.....#.....#
#....##....W#
#...## ......
#.###


You could see a five-headed hydra, a skeletal warrior, a flayed ghost, a
two-headed ogre, a wraith, an orc priest and 3 orcs.

Vanquished Creatures
  A balrug (Gauntlet)
  A minotaur (Gauntlet)
  A two-headed ogre (D:9)
  A tengu warrior (D:12)
  2 wizards (D:11)
  2 deep elf pyromancers (D:12)
  2 deep elf zephyrmancers (D:11)
  3 ugly things
  A manticore (D:12)
  3 slime creatures (D:12)
  4 kobold demonologists (D:12)
  4 trolls
  4 meliai
  A hornet (D:7)
  A shadow (D:12)
  Sigmund (D:2)
  4 wyverns
  A wraith (D:12)
  A centaur simulacrum (Gauntlet)
  2 vampires
  15 yaks
  A vampire mosquito (D:12)
  A steam dragon (D:9)
  2 acid dragons
  2 hell hounds (Gauntlet)
  2 water moccasins
  8 orc warriors
  A black bear (D:7)
  2 ice beasts
  An ogre (D:7)
  A centaur (D:9)
  7 bullfrogs
  3 phantoms
  7 kobold brigands
  4 gnoll sergeants
  3 scorpions
  8 wights
  A hornet simulacrum (Gauntlet)
  10 killer bees
  An electric eel (D:13)
  3 howler monkeys
  A lava snake (D:13)
  2 hounds
  3 gnoll boudas
  Crazy Yiuf (D:2)
  9 orc priests
  4 jellies
  6 iguanas
  A sleepcap (D:6)
  Jessica (D:3)
  20 orc wizards
  Robin (D:2)
  41 gnolls
  11 adders
  2 shadow imps
  A white imp (D:6)
  5 worms
  A dart slug (D:4)
  54 orcs
  8 bats
  9 endoplasms
  A giant cockroach (D:2)
  12 goblins
  17 hobgoblins
  2 jackals (D:3)
  43 kobolds
  7 quokkas
  8 ball pythons
  6 frilled lizards
  6 rats
406 creatures vanquished.

Vanquished Creatures (others)
  An orc wizard (D:8)
  2 kobolds
3 creatures vanquished.

Grand Total: 409 creatures vanquished

Notes
Turn   | Place    | Note
-------+----------+-------------------------------------------
     0 | D:1      | bmack86 the Minotaur Fighter began the quest for the Orb.
     0 | D:1      | Reached XP level 1. HP: 19/19 MP: 0/0
    37 | D:1      | Reached skill level 3 in Axes
    62 | D:1      | Reached XP level 2. HP: 22/26 MP: 1/1
   117 | D:1      | Reached skill level 4 in Axes
   368 | D:1      | Reached XP level 3. HP: 31/31 MP: 2/2
   605 | D:2      | Reached skill level 5 in Axes
   820 | D:2      | Found a runed translucent door.
   821 | D:2      | Noticed Crazy Yiuf
   861 | D:2      | Reached XP level 4. HP: 39/39 MP: 3/3
   950 | D:2      | Noticed Sigmund
   962 | D:2      | Killed Sigmund
   963 | D:2      | Reached skill level 7 in Axes
   963 | D:2      | Reached XP level 5. HP: 26/45 MP: 4/4
   977 | D:2      | Identified the amulet "Hiphebox" {Reflect Dex+3 SH+5}
  1156 | D:2      | Found a faded altar of an unknown god.
  1642 | D:2      | Noticed Robin
  1653 | D:2      | Killed Robin
  1881 | D:2      | Killed Crazy Yiuf
  1882 | D:2      | Reached XP level 6. HP: 51/51 MP: 5/5
  1976 | D:3      | Found a hide-covered altar of Uskayaw.
  1976 | D:3      | Noticed a +0 dagger
  1976 | D:3      | Noticed a +0 short sword
  1976 | D:3      | Noticed a +0 falchion
  1977 | D:3      | Noticed a +0 spear
  1978 | D:3      | Noticed a +0 spear
  1979 | D:3      | Noticed a +0 short sword
  1979 | D:3      | Noticed a +0 dagger
  1981 | D:3      | Noticed a +0 falchion
  2056 | D:3      | Found Dimuot's Distillery.
  2420 | D:3      | Found a snail-covered altar of Cheibriados.
  2437 | D:3      | Reached skill level 8 in Axes
  2472 | D:3      | Found a white marble altar of Elyvilon.
  2622 | D:3      | Noticed Jessica
  2628 | D:3      | Killed Jessica
  3005 | D:4      | Reached skill level 9 in Axes
  3100 | D:4      | Reached XP level 7. HP: 52/57 MP: 6/6
  3441 | D:4      | Found an ornate altar of the Wu Jian Council.
  3484 | D:5      | Entered Level 5 of the Dungeon
  3613 | D:5      | Reached skill level 10 in Axes
  3678 | D:5      | Found an ancient bone altar of Kikubaaqudgha.
  3727 | D:5      | Found a burning altar of Makhleb.
  3996 | D:5      | Reached skill level 11 in Axes
  4182 | D:5      | Noticed a troll
  4182 | D:5      | Noticed a yak
  4223 | D:5      | Reached XP level 8. HP: 64/64 MP: 7/7
  4695 | D:6      | Found a radiant altar of Vehumet.
  4719 | D:6      | Reached skill level 12 in Axes
  4995 | D:6      | Found a runed translucent door.
  4996 | D:6      | Found a shimmering altar of Xom.
  4996 | D:6      | Noticed arthad's ghost (novice GrEE)
  4996 | D:6      | Noticed a +0 spear of chaos
  5262 | D:6      | Reached skill level 13 in Axes
  5305 | D:6      | Found a staircase to the Ecumenical Temple.
  5314 | Temple   | Entered the Ecumenical Temple
  5341 | Temple   | Became a worshipper of Warmaster Okawaru
  5557 | D:7      | Noticed a hornet
  5569 | D:7      | Killed a hornet
  5570 | D:7      | Reached skill level 14 in Axes
  5570 | D:7      | Reached XP level 9. HP: 68/70 MP: 8/8
  5589 | D:7      | Reached * piety under Okawaru
  5746 | D:7      | Identified 2 scrolls of acquirement
  5746 | D:7      | Acquired a manual of Fighting
  5748 | D:7      | Acquired the +1 pair of boots of the Arcane {rPois Will+
                  | Regen+ Stlth+}
  5876 | D:7      | Found a sparkling altar of Nemelex Xobeh.
  5889 | D:7      | Reached skill level 15 in Axes
  5982 | D:7      | Found a shadowy altar of Dithmenos.
  6364 | D:8      | Found a stormy altar of Qazlal.
  6397 | D:8      | Reached ** piety under Okawaru
  6478 | D:8      | Reached skill level 16 in Axes
  6628 | D:8      | Found a basalt altar of Yredelemnul.
  7142 | D:9      | Reached XP level 10. HP: 77/77 MP: 9/9
  7152 | D:9      | Reached skill level 17 in Axes
  7210 | D:9      | Noticed a cyan ugly thing
  7224 | D:9      | Killed a cyan ugly thing
  7224 | D:9      | Reached *** piety under Okawaru
  7257 | D:9      | Found a flagged portal.
  7266 | Bailey   | Entered a bailey
  7360 | Bailey   | Acquired 489 gold pieces
  7662 | D:9      | Found a staircase to the Lair.
  7770 | D:9      | Noticed a two-headed ogre
  7807 | D:9      | Killed a two-headed ogre
  7808 | D:9      | Reached skill level 18 in Axes
  7808 | D:9      | Reached skill level 1 in Invocations
  7809 | D:9      | Reached skill level 5 in Fighting
  7935 | D:9      | Reached **** piety under Okawaru
  8298 | D:9      | Found Meenn's Book Shoppe.
  8381 | D:10     | Entered Level 10 of the Dungeon
  8424 | D:10     | Identified the +6 dagger of the Forgotten Artisans {drain,
                  | *Corrode Str+6}
  8467 | D:10     | Found Foenwohy's One-of-a-Kind Rings.
  8553 | D:10     | Reached skill level 5 in Armour
  8564 | D:10     | Reached XP level 11. HP: 89/95 MP: 11/13
  8762 | D:10     | Found Cauryaw's Antique Weapon Shoppe.
  8855 | D:10     | Received a gift from Okawaru
  8994 | D:10     | Found an opulent altar of Gozag.
  9139 | D:11     | Reached ***** piety under Okawaru
  9219 | D:11     | Noticed a deep elf zephyrmancer
  9226 | D:11     | Noticed a wizard
  9238 | D:11     | Noticed a deep elf zephyrmancer
  9239 | D:11     | Killed a wizard
  9241 | D:11     | Noticed a wizard
  9248 | D:11     | Killed a deep elf zephyrmancer
  9249 | D:11     | Reached skill level 5 in Invocations
  9261 | D:11     | Killed a deep elf zephyrmancer
  9262 | D:11     | Reached skill level 10 in Fighting
  9263 | D:11     | Killed a wizard
  9375 | D:11     | Acquired the +7 tower shield of the Valley of Death {rCorr
                  | Str+3 Int+2}
  9665 | D:11     | You fall into a shaft and drop 3 floors!
  9678 | D:13     | Identified the +11 broad axe of Luakhlunio {flame, *Rage
                  | rN++ Will- rCorr Int+3} (Okawaru gifted it to you on level
                  | 13 of the Dungeon)
  9678 | D:13     | Received a gift from Okawaru
  9808 | D:12     | Noticed a deep elf pyromancer
  9818 | D:12     | Killed a deep elf pyromancer
  9908 | D:12     | Reached skill level 5 in Shields
  9963 | D:12     | Found a gate leading to a gauntlet.
  9968 | Gauntlet | Entered a Gauntlet
  9968 | Gauntlet | Found a transporter.
  9968 | Gauntlet | Found a transporter.
  9972 | Gauntlet | Found a transporter.
  9972 | Gauntlet | Found a transporter.
  9981 | Gauntlet | Found a transporter.
  9981 | Gauntlet | Noticed a reaper
  9983 | Gauntlet | Noticed a shining eye
  9988 | Gauntlet | Noticed a hell beast
 10005 | Gauntlet | Found a transporter.
 10009 | Gauntlet | Noticed a death scarab
 10014 | Gauntlet | Noticed a death scarab
 10017 | Gauntlet | Found a transporter.
 10019 | Gauntlet | Found a transporter.
 10031 | Gauntlet | Found a transporter.
 10036 | Gauntlet | Noticed a balrug
 10065 | Gauntlet | Found a transporter.
 10075 | Gauntlet | Found a transporter.
 10101 | Gauntlet | Found a transporter.
 10147 | Gauntlet | Found a transporter.
 10170 | Gauntlet | Found a transporter.
 10277 | Gauntlet | Found a transporter.
 10298 | Gauntlet | Found a transporter.
 10494 | Gauntlet | Reached XP level 12. HP: 86/113 MP: 16/16
 10518 | Gauntlet | Identified the +0 hat of Asceticism {Str+2}
 10570 | Gauntlet | Killed a balrug
 10570 | Gauntlet | Received a gift from Okawaru
 10629 | Gauntlet | Noticed a minotaur
 10633 | Gauntlet | Killed a minotaur
 11086 | D:12     | Noticed a tengu warrior
 11087 | D:12     | Noticed a two-headed ogre
 11088 | D:12     | Noticed a six-headed hydra
 11095 | D:12     | Killed a tengu warrior
 11096 | D:12     | HP: 1/116 [five-headed hydra (12)]
 11096 | D:12     | Mangled by a skeletal warrior

Illustrated notes

Levels and vault maps discovered:
D:1:      co_arrival_square_in_a_square_in_a_square, layout_basic
D:2:      layout_basic, dreamdust_ecumenical_altar_hidden_monk_grotto,
          minmay_vboxes, uniq_robin, uniq_sigmund, uniq_crazy_yiuf_cottage
D:3:      kb_forest_paths, layout_basic, nicolae_uskayaw_en_pointe,
          mainiacjoe_overflow_alcove_2, cheibriados_altar_1, serial_shops,
          nicolae_shop_tiny_glass, minivault_5, uniq_jessica
D:4:      layout_rooms, nicolae_wu_jian_immortal_techniques,
          minmay_tree_intersection
D:5:      layout_basic, lemuel_coloured_pillars_altar, lightli_temple_of_fire,
          minmay_fountain_box, lightli_corner_chamber
D:6:      layout_basic, vehumet_altar_wand_db, minmay_temple_entry_overgrown,
          ebering_ghost_xom
D:7:      layout_cave_pools, mainiacjoe_overflow_catwalk,
          nemelex_dance_club_becter, skrybe_limestone_x
D:8:      layout_loops_corners, lemuel_tele_altar,
          mainiacjoe_overflow_surrounded_room, nicolae_straight_to_the_point
D:9:      layout_long_grid, lair_entry_dummy, serial_shops, shop,
          enter_bailey_8, serial_bayou_pond_b, nrook_campfire,
          minmay_joined_circles
D:10:     layout_roguey, general_overflow_altar, serial_shops,
          nicolae_shop_real_fake_doors, nicolae_shop_unique_rings
D:11:     layout_stronghold, bh_hangedman_babel_library
D:12:     minmay_connected_boxes_in_corner, layout_basic, david_orc_4,
          gauntlet_entry_generic
D:13:     layout_basic, serial_shops, nicolae_shop_pleasant_corner_grove,
          nicolae_concentric_dashed_squares_mild, uniq_josephine
D:14:     layout_cave_pools, ximxim_vaults_locker_room, serial_co_window_serial,
          co_window_paths_a, co_window_of_opportunity_a, co_window_paths_b,
          co_window_paths_b, co_window_corner_a, co_window_corner_a,
          co_window_of_opportunity_b, co_window_of_opportunity_b,
          co_window_broadway_c, co_window_paths_e, glass_columns_a,
          glass_columns_c, glass_columns_a, patterned_corridor
Temple:   dpeg_chambers_temple

Skill      XL: |  1  2  3  4  5  6  7  8  9 10 11 12 |
---------------+-------------------------------------+-----
Axes           | 3 4 5 7 9 11 14 16 18 | 18.0
Fighting       | 8 12 13 | 13.7
Invocations    | 4 6 7 |  7.8
Armour         | 5 8 9 |  9.7
Shields        | 5 7 |  7.2

Action                     |  1- 3 |  4- 6 |  7- 9 | 10-12 || total
---------------------------+-------+-------+-------+-------++-------
  Melee: War axe           |    92 |   116 |   287 |   298 ||   793
         Headbutt          |     4 |    23 |    53 |    74 ||   154
         Broad axe         |       |       |       |    82 ||    82
  Throw: Boomerang         |       |       |    14 |       ||    14
 Invoke: Heroism           |       |       |       |     3 ||     3
    Use: Scroll            |       |     4 |    14 |    11 ||    29
 Armour: Scale mail        |    13 |       |       |       ||    13
         Plate armour      |    35 |    49 |   152 |   177 ||   413
  Dodge: Dodged            |    32 |    31 |    71 |    94 ||   228
  Block: Buckler           |    26 |    41 |   140 |   180 ||   387
         Reflection        |       |     1 |     5 |     8 ||    14
         Tower shield      |       |       |       |    51 ||    51

Table legend: (Time is in decaauts)
 A = Elapsed time spent in this place.
 B = Non-inter-level travel time spent in this place.
 C = Inter-level travel time spent in this place.
 D = Time resting spent in this place.
 E = Time spent auto-exploring this place.
 F = Levels seen in this place.
 G = Mean time per level.
                   A        B        C        D        E       F      G
               +--------+--------+--------+--------+--------+-----+--------+
         Total |  11070 |  10873 |    197 |    127 |   7301 |  17 |  651.2 |
       Dungeon |   9978 |   9833 |    145 |    127 |   7136 |  14 |  712.7 |
        Temple |     54 |      2 |     52 |      0 |      0 |   1 |   54.0 |
        Bailey |    338 |    338 |      0 |      0 |     14 |   1 |  338.0 |
      Gauntlet |    698 |    698 |      0 |      0 |    151 |   1 |  698.0 |
               +--------+--------+--------+--------+--------+-----+--------+

Top non-repeatable levels by time:
     D:2: 1386 daAuts
     D:5: 1210 daAuts
     D:3: 998 daAuts
     D:9: 874 daAuts
     D:8: 869 daAuts
     D:6: 754 daAuts
    D:10: 724 daAuts
     D:7: 718 daAuts
Gauntlet: 698 daAuts
    D:12: 631 daAuts
     D:1: 578 daAuts
     D:4: 572 daAuts
    D:11: 523 daAuts
  Bailey: 338 daAuts
    D:13: 133 daAuts
